 Dungeon Crawl Stone Soup version 0.21-a0-85-ga0cb861 (webtiles) character file.

194119 Manul the Fencer (level 18, -4/146 HPs)
             Began as a Demonspawn Abyssal Knight on June 24, 2017.
             Was the Champion of Lugonu.
             Slain by a reaper
             ... wielding a +1 scythe of protection
              (33 damage)
             ... on level 2 of the Abyss on June 25, 2017.
             The game lasted 00:58:16 (33332 turns).

Manul the Fencer (Demonspawn Abyssal Knight)       Turns: 33332, Time: 00:58:17

Health: -4/146     AC: 24    Str: 24    XL:     18   Next: 9%
Magic:  27/27      EV: 33    Int: 26    God:    Lugonu [******]
Gold:   2301       SH:  0    Dex: 21    Spells: 19/33 levels left

rFire    . . .     SeeInvis .   m - +6 demon blade (flame)
rCold    + . .     Gourm    .   (no shield)
rNeg     . . .     Faith    .   S - +4 scale mail "Dush" {rC+ MR+}
rPois    .         Spirit   .   i - +2 helmet "Ynitulon" {Int+7 Dex+2}
rElec    .         Reflect  .   x - +2 cloak
rCorr    .         Harm     .   e - +2 pair of gloves
MR       ++...                  (no boots)
Stlth    ++++......             z - amulet of regeneration
HPRegen  0.74/turn              X - +5 ring of strength
MPRegen  0.20/turn              J - +6 ring of evasion

@: mighty, agile, studying Charms, repel missiles
A: talons 2, repulsion field 3, demonic guardian 2, low mp 1, mutation
resistance 1, powered by pain 2, augmentation 1
a: Depart the Abyss, Bend Space, Banish, Corrupt, Enter the Abyss, Brand Weapon
With Distortion, Renounce Religion


You were on level 2 of the Abyss.
You worshipped Lugonu.
Lugonu was exalted by your worship.
You were not hungry.

You visited 4 branches of the dungeon, and saw 26 of its levels.
You visited the Abyss 4 times.
You also visited: Labyrinth and Sewer.

You collected 2766 gold pieces.
You spent 465 gold pieces at shops.

Inventory:

Hand Weapons
 m - a +6 demon blade of flaming (weapon)
Missiles
 G - 7 poisoned javelins (quivered)
Armour
 e - a +2 pair of gloves (worn)
 i - the +2 helmet "Ynitulon" (worn) {Int+7 Dex+2}
   (You found it on level 3 of the Elven Halls)

   It affects your intelligence (+7).
   It affects your dexterity (+2).
 x - a +2 cloak (worn)
 M - a +2 crystal plate armour
 S - the +4 scale mail "Dush" (worn) {rC+ MR+}
   (You found it on level 2 of the Lair of Beasts)

   It protects you from cold.
   It affects your resistance to hostile enchantments.
Jewellery
 z - an amulet of regeneration (around neck)
 J - a +6 ring of evasion (right hand)
 P - a +4 amulet of reflection
 X - a +5 ring of strength (left hand)
Wands
 k - a wand of iceblast (5/15)
 y - a wand of paralysis (16/24)
 E - a wand of digging (6/24)
Scrolls
 d - 4 scrolls of fear
 f - a scroll of enchant armour
 j - 12 scrolls of remove curse
 p - 4 scrolls of enchant weapon
 s - a scroll of amnesia
 B - 3 scrolls of recharging
 H - 3 scrolls of magic mapping
 T - 2 scrolls of fog
 V - 4 scrolls of identify
 W - 3 scrolls of summoning
 Z - 2 scrolls of blinking
Potions
 g - 2 potions of magic
 h - 6 potions of flight
 l - 8 potions of curing
 o - 4 potions of heal wounds
 q - a potion of might
 w - a potion of invisibility
 A - 4 potions of resistance
 K - a potion of brilliance
 N - 2 potions of agility
 Q - 2 potions of haste
 Y - a potion of ambrosia
Books
 a - a manual of Charms
 r - a book of Debilitation

   Spells                             Type                      Level
   a - Corona                         Hexes                        1
   b - Slow                           Hexes                        2
   c - Inner Flame                    Hexes/Fire                   3
   d - Portal Projectile              Hexes/Translocation          3
   e - Cause Fear                     Hexes                        4
   f - Leda's Liquefaction            Hexes/Earth                  4
 u - a book of Alchemy

   Spells                             Type                      Level
   a - Sublimation of Blood           Necromancy                   2
   b - Ignite Poison                  Fire/Transmutation/Poison    3
   c - Petrify                        Transmutation/Earth          4
   d - Alistair's Intoxication        Transmutation/Poison         5
   e - Irradiate                      Conjuration/Transmutation    5
 v - a book of Unlife

   Spells                             Type                      Level
   a - Recall                         Summoning/Translocation      3
   b - Animate Dead                   Necromancy                   4
   c - Control Undead                 Necromancy                   4
   d - Cigotuvi's Embrace             Necromancy                   5
   e - Death Channel                  Necromancy                   6
   f - Simulacrum                     Ice/Necromancy               6
 C - a book of Death

   Spells                             Type                      Level
   a - Corpse Rot                     Necromancy                   2
   b - Sublimation of Blood           Necromancy                   2
   c - Agony                          Necromancy                   5
   d - Dispel Undead                  Necromancy                   5
   e - Excruciating Wounds            Charms/Necromancy            5
   f - Bolt of Draining               Conjuration/Necromancy       5
 F - a book of Necromancy

   Spells                             Type                      Level
   a - Pain                           Necromancy                   1
   b - Animate Skeleton               Necromancy                   1
   c - Vampiric Draining              Necromancy                   3
   d - Regeneration                   Charms/Necromancy            3
   e - Animate Dead                   Necromancy                   4
   f - Control Undead                 Necromancy                   4
 I - the Grimoire of Summoning and Enchantment
   (You found it on level 3 of the Lair of Beasts)

   Spells                             Type                      Level
   a - Call Imp                       Summoning                    2
   b - Spectral Weapon                Hexes/Charms                 3
   c - Call Canine Familiar           Summoning                    3
   d - Yara's Violent Unravelling     Hexes/Transmutation          5
   e - Summon Forest                  Summoning/Translocation      5
Comestibles
 c - 11 bread rations
 n - 8 meat rations
 t - 30 fruits
 D - 6 royal jellies


   Skills:
 + Level 14.2 Fighting
 + Level 16.0 Long Blades
 * Level 14.0 Armour
 + Level 9.7 Dodging
 + Level 6.9 Stealth
 - Level 8.3 Spellcasting
 + Level 4.7 Charms
 - Level 8.7 Invocations
 + Level 2.4 Evocations


You had 19 spell levels left.
You knew the following spells:

 Your Spells              Type           Power        Failure   Level  Hunger
a - Slow                  Hex            ##......     16%         2    None
b - Song of Slaying       Chrm           #####...     2%          2    None
c - Spectral Weapon       Hex/Chrm       ###.....     12%         3    None
d - Animate Skeleton      Necr           N/A          11%         1    None
e - Regeneration          Chrm/Necr      ###.......   12%         3    None
f - Recall                Summ/Tloc      N/A          30%         3    None


Dungeon Overview and Level Annotations

Branches:
Dungeon (15/15)            Temple (0/1) D:4            Lair (6/6) D:10
  Swamp (0/4) Lair:4        Snake (0/4) Lair:3        Slime (0/5) Lair:6
    Orc (2/2) D:11            Elf (3/3) Orc:2        Vaults (0/5) D:13
 Depths: D:15

Altars:
Ashenzari
Cheibriados
Dithmenos
Elyvilon
Hepliaklqana
Kikubaaqudgha
Nemelex Xobeh
Qazlal
Ru
Trog
Uskayaw
Yredelemnul
Zin
Beogh
Jiyva

Shops:
D:6 (   D:8 (   D:9 [   Orc:2 %((}

Annotations:
D:8 BearDestroyer's ghost, novice TrBe
Lair:6 1 runed door
Elf:2 3 runed doors


Innate Abilities, Weirdness & Mutations

You have razor-sharp toenails.
You are surrounded by a strong repulsion field. (EV +4, RMsl)
A demonic guardian rushes to your aid.
You sometimes gain power by taking damage.
Your magical and physical power is slightly enhanced at high health.
Your magical capacity is low. (-10% MP)
You are somewhat resistant to further mutation.


Message History

Your starspawn tentacle segment is destroyed!
A tentacle flies out from the starspawn's body!
You swap places.
Something hits your starspawn tentacle!!
Your starspawn tentacle is engulfed in flames!!
Your starspawn tentacle is destroyed!
Your tentacled starspawn is destroyed!
The starspawn's tentacles wither and die.
Your ice devil barely misses the bone dragon.
The bone dragon bites your ice devil!!
The bone dragon closely misses your ice devil.
The bone dragon tramples your ice devil!
Your ice devil holds its ground!
The bone dragon bites your ice devil! The bone dragon claws your ice devil!
Your ice devil dies!
There is an open door here.
You close the door.
A reaper comes into view. It is wielding a scythe of protection.
You feel your health improve.
The reaper hits you with a scythe of protection!!
You die...

## ' # ###
#.# . # # #D#
# #.# # #
#####+##### #
#.........# '
. # #
#.........# #
..
##.......## #
. #.......# .
. ##@.....#
##...2[....##
. #...##...##
##.. #...# #.
#. ##.## .#
#.# . .#. #.
## #.


You could see a reaper.

Vanquished Creatures
  A bone dragon (Abyss:2)
  Asterion (Elf:1)
  A deep elf blademaster (Elf:3)
  A deep elf master archer (Elf:3)
  3 tentacled starspawn (Abyss:2)
  A storm dragon (shapeshifter) (D:13)
  4 deep elf sorcerers
  A deep elf elementalist (Elf:3)
  The ghost of dricus the Impaler, a journeyman MfGl of Okawaru (D:13)
  A deep elf demonologist (Elf:3)
  A deep elf annihilator (Elf:2)
  3 deep elf death magi
  Erica (D:9)
  8 hydras
  A merfolk avatar (Lair:6)
  12 dancing weapons
  12 two-headed ogres
  2 ogre magi (Orc:2)
  A wretched star (Abyss:1)
  23 deep elf knights
  A sun demon (Abyss:2)
  4 thrashing horrors
  A shadow wraith (D:13)
  A skeletal warrior (D:14)
  A titan skeleton (Abyss:2)
  2 spatial maelstroms (Abyss:2)
  2 sixfirhies (Abyss:2)
  9 starcursed masses
  A wizard (D:13)
  2 deep trolls
  2 sea snakes (Lair:6)
  2 unseen horrors
  14 deep elf archers
  Pikel (D:5)
  A harpy (Lair:6)
  54 deep elf magi
  11 ugly things
  3 orc sorcerers
  4 cyclopes
  4 large abominations (Abyss:2)
  6 elephants
  A manticore (D:13)
  A rust devil (Abyss:2)
  2 centaur zombies
  A frost giant skeleton (Abyss:2)
  Joseph (D:9)
  7 black mambas
  2 gargoyles (D:13)
  2 smoke demons
  11 spiny frogs
  8 komodo dragons
  A rime drake (Lair:6)
  An efreet (D:14)
  A hellwing (Abyss:1)
  2 freezing wraiths
  2 ancient zymes
  10 trolls
  A red devil (Abyss:2)
  3 polar bears
  2 hornets
  12 hippogriffs
  14 blink frogs
  A meliai zombie (D:14)
  An air elemental (Elf:1)
  6 wyverns
  4 fire elementals
  A shadow (D:12)
  A vampire (D:13)
  A water elemental (Elf:2)
  4 ynoxinuls (Abyss:2)
  A wraith (Abyss:2)
  23 yaks
  A chaos spawn (Abyss:2)
  3 golden eyes (Abyss:2)
  The ghost of Manul the Skirmisher, an amateur DsAK of Lugonu (D:4)
  4 vampire mosquitoes
  A basilisk (Lair:6)
  A neqoxec (Abyss:1)
  A hungry ghost (D:10)
  5 spatial vortices (Abyss:2)
  A harpy simulacrum (D:14)
  3 nagas (Lair:3)
  A soldier ant (D:9)
  15 water moccasins
  4 wargs (Orc:2)
  3 porcupines
  19 orc warriors
  7 ice beasts
  A spiny frog skeleton (Abyss:2)
  3 sky beasts
  2 black bears
  5 centaurs
  2 phantoms
  4 boggarts (D:15)
  22 ogres
  6 wolves (Lair:3)
  14 crocodiles
  Blork the orc (D:5)
  3 big kobolds
  2 earth elementals
  14 bullfrogs
  A wyvern zombie (D:7)
  6 small abominations
  Dowan (D:4)
  A wyvern skeleton (D:14)
  5 scorpions
  5 killer bees (D:13)
  4 wights (D:8)
  6 howler monkeys
  4 electric eels
  3 crimson imps
  4 hounds
  A quasit (D:12)
  7 jellies
  2 iron imps (Abyss:2)
  13 orc priests
  Crazy Yiuf (D:4)
  5 bullfrog skeletons
  24 orc wizards
  2 centaur skeletons
  Ijyb (D:4)
  4 iguanas
  9 worker ants
  A killer bee zombie (D:8)
  2 hound skeletons
  A hound zombie (D:5)
  2 howler monkey zombies
  Robin (D:2)
  3 gnolls (D:7)
  21 adders
  7 shadow imps
  A white imp (Abyss:2)
  2 ufetubi (Abyss:2)
  An ooze (D:4)
  2 adder skeletons (D:4)
  2 adder zombies
  4 worms
  4 dart slugs
  8 leopard geckos
  75 orcs
  13 bats
  6 giant cockroaches
  16 goblins
  9 hobgoblins
  6 jackals
  6 quokkas
  2 ball pythons
  3 frilled lizards
  A jackal skeleton (D:4)
  21 kobolds
  8 rats
  A lurking horror (Abyss:2)
  A plant (D:10)
  3 starspawn tentacles (Abyss:2)
824 creatures vanquished.

Vanquished Creatures (collateral kills)
  Gastronok (D:12)
  A deep elf annihilator (Elf:3)
  Snorg (Orc:1)
  A minotaur (Lab)
  Harold (Lair:1)
  2 hydras
  5 two-headed ogres
  A dancing weapon (Elf:3)
  2 deep elf knights
  A spatial maelstrom (Abyss:2)
  2 deep elf archers (Elf:1)
  4 deep elf magi
  2 ugly things (D:14)
  A worldbinder (Abyss:2)
  An elephant (Lair:6)
  A black mamba (Lair:1)
  A spiny frog (Lair:2)
  A komodo dragon (Lair:6)
  4 blink frogs
  5 yaks
  A starcursed mass (Abyss:2)
  2 vampire mosquitoes (D:12)
  Menkaure (D:4)
  Duvessa (D:4)
  2 ogres (Orc:2)
  A bullfrog (D:8)
  A scorpion (D:13)
  A killer bee (D:13)
  A howler monkey (D:4)
  An orc wizard (D:5)
  A worker ant (D:4)
  An ufetubus (Abyss:1)
  2 orcs
54 creatures vanquished.

Vanquished Creatures (others)
  A stone giant (Orc:1)
  An ettin (Orc:2)
  A deep elf knight (Elf:1)
  A deep elf archer (Elf:3)
  A deep elf mage (Elf:1)
  A bush (Lair:6)
  3 fungi
  5 plants
  A spectral weapon (Elf:1)
  9 starspawn tentacles (Abyss:2)
  14 toadstools (D:1)
38 creatures vanquished.

Grand Total: 916 creatures vanquished

Notes
Turn   | Place    | Note
-------+----------+-------------------------------------------
     0 | Abyss:1  | Manul the Demonspawn Abyssal Knight began the quest for the Orb.
     0 | Abyss:1  | Reached XP level 1. HP: 18/18 MP: 2/2
     0 | Abyss:1  | Found a corrupted altar of Lugonu.
    93 | Abyss:1  | Noticed a hellwing
    98 | Abyss:1  | Noticed an ice beast
   100 | Abyss:1  | Noticed a large abomination
   102 | D:1      | Escaped the Abyss
   266 | D:1      | Found a shattered altar of Ashenzari.
   412 | D:1      | Reached * piety under Lugonu
   675 | D:1      | Reached skill level 2 in Long Blades
   675 | D:1      | Gained mutation: A weak demonic guardian rushes to your aid. [demonic ancestry]
   675 | D:1      | Reached XP level 2. HP: 18/24 MP: 3/3
  1571 | D:2      | Found an ancient bone altar of Kikubaaqudgha.
  1621 | D:2      | Gained mutation: You have sharp toenails. [demonic ancestry]
  1621 | D:2      | Reached XP level 3. HP: 28/29 MP: 5/5
  1624 | D:2      | Noticed Robin
  1635 | D:2      | Killed Robin
  1635 | D:2      | Reached skill level 1 in Dodging
  1887 | D:2      | Found a stormy altar of Qazlal.
  1912 | D:2      | Found a basalt altar of Yredelemnul.
  2083 | D:2      | Reached XP level 4. HP: 19/37 MP: 6/6
  2089 | D:2      | Reached ** piety under Lugonu
  2569 | D:2      | Found a glowing silver altar of Zin.
  2666 | D:3      | Reached skill level 3 in Long Blades
  3148 | D:3      | Reached skill level 1 in Stealth
  3565 | D:4      | Gained mutation: You are surrounded by a mild repulsion field. (EV +2) [demonic ancestry]
  3565 | D:4      | Reached XP level 5. HP: 42/42 MP: 7/7
  3581 | D:4      | Noticed Ijyb
  3581 | D:4      | Noticed Manul's ghost (amateur DsAK)
  3603 | D:4      | Killed Manul's ghost
  3603 | D:4      | Reached XP level 6. HP: 48/48 MP: 8/8
  3607 | D:4      | Killed Ijyb
  3655 | D:4      | Noticed Duvessa
  3656 | D:4      | Noticed Dowan
  3662 | D:4      | Reached skill level 4 in Long Blades
  3663 | D:4      | Found a hide-covered altar of Uskayaw.
  3677 | D:4      | Killed Duvessa
  3680 | D:4      | Killed Dowan
  4161 | D:4      | Gained mutation: You are surrounded by a moderate repulsion field. (EV +3) [demonic ancestry]
  4161 | D:4      | Reached XP level 7. HP: 44/54 MP: 10/10
  4180 | D:4      | Noticed Menkaure
  4192 | D:4      | Killed Menkaure
  4433 | D:4      | Reached *** piety under Lugonu
  4734 | D:4      | Found a staircase to the Ecumenical Temple.
  5093 | D:4      | Found a runed door.
  5120 | D:4      | Reached skill level 5 in Invocations
  5150 | D:4      | Noticed Crazy Yiuf
  5154 | D:4      | Killed Crazy Yiuf
  5154 | D:4      | Reached skill level 5 in Long Blades
  5195 | D:5      | Entered Level 5 of the Dungeon
  5227 | D:5      | Found a bloodstained altar of Trog.
  5227 | D:5      | Found a white marble altar of Elyvilon.
  5412 | D:5      | Noticed Pikel
  5473 | D:5      | Killed Pikel
  5473 | D:5      | Reached skill level 1 in Spellcasting
  5473 | D:5      | Reached XP level 8. HP: 33/61 MP: 12/12
  5579 | D:5      | Found a glowing drain.
  5585 | Sewer    | Entered a sewer
  5744 | D:5      | Noticed Blork the orc
  5754 | D:5      | Killed Blork the orc
  5972 | D:6      | Found a hazy altar of Hepliaklqana.
  5996 | D:6      | Found Tejilloudo's Antique Weapon Shoppe.
  6009 | D:6      | Bought a warped falchion for 240 gold pieces
  6009 | D:6      | Identified the +7 falchion "Hell-Harrower" {slice, Stlth+} (You bought it in a shop on level 6 of the Dungeon)
  6406 | D:7      | Reached skill level 5 in Fighting
  6406 | D:7      | Reached skill level 6 in Long Blades
  6466 | D:7      | Reached **** piety under Lugonu
  6693 | D:7      | Found a sparkling altar of Nemelex Xobeh.
  6760 | D:7      | Reached XP level 9. HP: 49/68 MP: 13/13
  6790 | D:7      | Gained mutation: You are frail. (-10% HP) [mutagenic meat]
  6791 | D:7      | Gained mutation: Armour fits poorly on your strangely shaped body. [mutagenic meat]
  6792 | D:7      | Lost mutation: You are frail. (-10% HP) [mutagenic meat]
  6793 | D:7      | Gained mutation: Your magical capacity is low. (-10% MP) [mutagenic meat]
  7023 | D:7      | Found a white marble altar of Elyvilon.
  7165 | D:7      | Found a snail-covered altar of Cheibriados.
  7257 | D:8      | Identified a scroll of acquirement
  7299 | D:8      | Noticed a two-headed ogre
  7320 | D:8      | Killed a two-headed ogre
  7320 | D:8      | Reached skill level 7 in Long Blades
  7320 | D:8      | Reached skill level 5 in Armour
  7320 | D:8      | Reached skill level 1 in Evocations
  7772 | D:8      | Noticed BearDestroyer's ghost (novice TrBe)
  8281 | D:8      | Reached skill level 8 in Long Blades
  8433 | D:8      | Found Qokady's Antique Weapon Boutique.
  8459 | D:8      | Gained mutation: Your magical and physical power is slightly enhanced at high health. [demonic ancestry]
  8459 | D:8      | Reached XP level 10. HP: 57/76 MP: 14/14
  8894 | D:9      | You fall through a shaft!
  8894 | D:10     | Entered Level 10 of the Dungeon
  8925 | D:10     | Found a staircase to the Lair.
  8972 | D:10     | Reached ***** piety under Lugonu
  8991 | D:10     | Noticed a two-headed ogre
  8998 | D:10     | Killed a two-headed ogre
  9133 | D:9      | Noticed a two-headed ogre
  9134 | D:9      | Noticed a two-headed ogre
  9157 | D:9      | Killed a two-headed ogre
  9174 | D:9      | Killed a two-headed ogre
  9174 | D:9      | Reached skill level 9 in Long Blades
  9297 | D:9      | Noticed Erica
  9308 | D:9      | Killed Erica
  9338 | D:9      | Noticed a two-headed ogre
  9346 | D:9      | Killed a two-headed ogre
  9346 | D:9      | Reached skill level 5 in Spellcasting
  9355 | D:9      | Got a slimy whip
  9356 | D:9      | Identified the +5 whip "Deydd" {drain, +Blink Int+4} (You found it on level 9 of the Dungeon)
  9368 | D:9      | Found Duoluze's Antique Armour Shoppe.
  9376 | D:9      | Bought an encrusted scale mail for 225 gold pieces
  9386 | D:9      | Identified the +5 scale mail of Nugorgh {Str+3} (You bought it in a shop on level 9 of the Dungeon)
  9447 | D:9      | Found a bloodstained altar of Trog.
  9462 | D:9      | Reached XP level 11. HP: 77/84 MP: 16/16
  9578 | D:9      | Noticed Joseph
  9598 | D:9      | Killed Joseph
  9928 | Abyss:1  | Noticed a thrashing horror
  9934 | Abyss:1  | Killed a thrashing horror
  9935 | Abyss:1  | Noticed a sixfirhy
  9939 | D:9      | Escaped the Abyss
 10348 | D:10     | Gained mutation: You have a pair of small antennae on your head. [mutagenic meat]
 10470 | D:10     | Noticed a two-headed ogre
 10479 | D:10     | Killed a two-headed ogre
 10479 | D:10     | Reached skill level 10 in Long Blades
 11123 | D:10     | Found a sacrificial altar of Ru.
 11483 | D:11     | Found a staircase to the Orcish Mines.
 11987 | D:11     | Noticed a four-headed hydra
 11994 | D:11     | Killed a one-headed hydra
 12051 | D:12     | Noticed Gastronok
 12065 | D:12     | Killed Gastronok
 12065 | D:12     | Reached skill level 5 in Dodging
 12088 | D:12     | Got an ancient emerald amulet
 12097 | D:12     | Noticed a two-headed ogre
 12104 | D:12     | Killed a two-headed ogre
 12158 | D:12     | Identified the amulet "Kenwiesu" {Inacc *Drain rPois rC+ Int+2} (You found it on level 12 of the Dungeon)
 12533 | D:12     | Reached skill level 11 in Long Blades
 12537 | D:12     | Reached XP level 12. HP: 74/94 MP: 19/19
 13034 | Orc:1    | Entered Level 1 of the Orcish Mines
 13084 | Orc:1    | Noticed Snorg
 13094 | Orc:1    | Killed Snorg
 13130 | Orc:2    | Entered Level 2 of the Orcish Mines
 13130 | Orc:2    | Found a staircase to the Elven Halls.
 13159 | Orc:2    | Found a roughly hewn altar of Beogh.
 13192 | Orc:2    | Noticed an ogre mage
 13212 | Orc:2    | Killed an ogre mage
 13453 | Orc:2    | Noticed a two-headed ogre
 13716 | Orc:2    | Killed a two-headed ogre
 13904 | Orc:1    | Noticed a stone giant
 13919 | Orc:1    | Banished a stone giant
 13919 | Orc:1    | Reached skill level 12 in Long Blades
 14059 | Orc:2    | Noticed a two-headed ogre
 14239 | Orc:2    | Killed a two-headed ogre
 14805 | Orc:2    | Noticed an ettin
 15427 | Orc:2    | Noticed a two-headed ogre
 15437 | Orc:2    | Killed a two-headed ogre
 15441 | Orc:2    | Noticed a two-headed ogre
 15442 | Orc:2    | Noticed a two-headed ogre
 15555 | Orc:2    | Killed a two-headed ogre
 15557 | Orc:2    | Killed a two-headed ogre
 15557 | Orc:2    | Gained mutation: A demonic guardian rushes to your aid. [demonic ancestry]
 15557 | Orc:2    | Reached XP level 13. HP: 64/101 MP: 22/22
 15789 | Orc:2    | Banished an ettin
 16189 | Orc:2    | Found Mewosouf's Weapon Emporium.
 16192 | Orc:2    | Found Qiepy's Gadget Emporium.
 16200 | Orc:2    | Found Keyl's Food Shop.
 16209 | Orc:2    | Found Obokleor's Weapon Shoppe.
 16613 | Orc:1    | Reached skill level 10 in Fighting
 16957 | Abyss:1  | Noticed a starcursed mass
 17166 | Abyss:1  | Gained mutation: You expend magic power (3 MP) to strengthen your wands. [a neqoxec]
 17215 | Orc:2    | Escaped the Abyss
 17447 | D:13     | Reached skill level 13 in Long Blades
 17479 | D:13     | Gained mutation: Your magical capacity is very low. (-20% MP) [mutagenic meat]
 17628 | D:13     | Noticed dricus's ghost (journeyman MfGl)
 18015 | D:13     | Killed dricus's ghost
 18107 | D:13     | Noticed a storm dragon
 18193 | D:13     | Gained mutation: Your system is resistant to poisons. (rPois) [mutagenic meat]
 18195 | D:13     | Gained mutation: You possess an exceptional clarity of mind. [mutagenic meat]
 18216 | D:13     | Killed a storm dragon
 18529 | D:13     | Found a gate to the Vaults.
 18570 | D:13     | Found a shadowy altar of Dithmenos.
 19254 | D:14     | Gained mutation: You are surrounded by a strong repulsion field. (EV +4, RMsl) [mutagenic meat]
 19255 | D:14     | Lost mutation: Your system is resistant to poisons. (rPois) [mutagenic meat]
 19256 | D:14     | Gained mutation: You have razor-sharp toenails. [mutagenic meat]
 19260 | D:14     | Gained mutation: You can translocate small distances at will. [mutagenic meat]
 19280 | D:14     | HP: 5/104 [poisoned by a green ugly thing]
 19285 | D:14     | HP: 5/104 [poisoned by a green ugly thing]
 19292 | D:14     | HP: 5/104 [poisoned by a green ugly thing]
 19300 | D:14     | HP: 5/104 [poisoned by a green ugly thing]
 19879 | D:14     | Reached XP level 14. HP: 111/111 MP: 21/21
 19903 | D:14     | Lost mutation: You expend magic power (3 MP) to strengthen your wands. [mutagenic meat]
 19904 | D:14     | Gained mutation: Your natural rate of healing is unusually fast. [mutagenic meat]
 19908 | D:14     | Found a snail-covered altar of Cheibriados.
 19978 | D:14     | Upgraded the game from 0.21-a0-82-gdb84782 to 0.21-a0-85-ga0cb861
 20200 | D:13     | Gained mutation: Potions are less effective at restoring your health. [mutagenic meat]
 20506 | D:15     | Entered Level 15 of the Dungeon
 20526 | D:14     | Reached skill level 10 in Armour
 20902 | Lair:1   | Entered Level 1 of the Lair of Beasts
 21117 | Lair:1   | Noticed Harold
 21125 | Lair:1   | Killed Harold
 22009 | Lair:2   | Reached skill level 14 in Long Blades
 22072 | Lair:2   | Got a brightly glowing scale mail
 22091 | Lair:2   | Identified the +4 scale mail "Dush" {rC+ MR+} (You found it on level 2 of the Lair of Beasts)
 23194 | Lair:3   | Found a staircase to the Snake Pit.
 23416 | Lair:3   | Identified the Grimoire of Summoning and Enchantment
 23927 | Lair:4   | Found a labyrinth entrance.
 23936 | Lab      | Entered a labyrinth
 24082 | Lab      | Identified the Almanac of Good Luck and Contamination
 24190 | Lair:4   | Learned a level 2 spell: Slow
 24193 | Lair:4   | Learned a level 2 spell: Song of Slaying
 24293 | Lair:4   | Found a staircase to the Swamp.
 25509 | Lair:6   | Entered Level 6 of the Lair of Beasts
 25562 | Lair:6   | Reached skill level 5 in Stealth
 25562 | Lair:6   | Gained mutation: You sometimes gain a little power by taking damage. [demonic ancestry]
 25562 | Lair:6   | Reached XP level 15. HP: 77/119 MP: 21/21
 25619 | Lair:6   | Found a runed door.
 25818 | Lair:6   | Found a viscous altar of Jiyva.
 25851 | Lair:6   | Found a staircase to the Slime Pits.
 25863 | Lair:6   | Reached skill level 1 in Charms
 25995 | Lair:6   | Got a transparent jade ring
 26000 | Lair:6   | Identified the cursed ring of Xarchuogy {*Slow rC+ EV-2 Dex+5} (You found it on level 6 of the Lair of Beasts)
 26179 | Lair:6   | Learned a level 3 spell: Spectral Weapon
 27105 | Elf:1    | Entered Level 1 of the Elven Halls
 27162 | Elf:1    | Reached ****** piety under Lugonu
 27648 | Elf:1    | Noticed a deep elf sorcerer
 27659 | Elf:1    | Killed a deep elf sorcerer
 27719 | Elf:1    | Lost mutation: Potions are less effective at restoring your health. [potion of mutation]
 27719 | Elf:1    | Lost mutation: You have a pair of small antennae on your head. [potion of mutation]
 27719 | Elf:1    | Lost mutation: Armour fits poorly on your strangely shaped body. [potion of mutation]
 27719 | Elf:1    | Lost mutation: Your natural rate of healing is unusually fast. [potion of mutation]
 27719 | Elf:1    | Gained mutation: You are occasionally teleported next to monsters. [potion of mutation]
 27719 | Elf:1    | Gained mutation: You are somewhat resistant to further mutation. [potion of mutation]
 27720 | Elf:1    | Lost mutation: You possess an exceptional clarity of mind. [potion of mutation]
 27720 | Elf:1    | Lost mutation: You are somewhat resistant to further mutation. [potion of mutation]
 27720 | Elf:1    | Lost mutation: Your magical capacity is very low. (-20% MP) [potion of mutation]
 27720 | Elf:1    | Lost mutation: You are occasionally teleported next to monsters. [potion of mutation]
 27720 | Elf:1    | Lost mutation: You can translocate small distances at will. [potion of mutation]
 27720 | Elf:1    | Gained mutation: You are somewhat resistant to further mutation. [potion of mutation]
 27844 | Elf:1    | Reached XP level 16. HP: 63/128 MP: 25/25
 28529 | Elf:1    | Reached skill level 15 in Long Blades
 28980 | Elf:1    | Noticed Asterion
 29007 | Elf:1    | Killed Asterion
 29007 | Elf:1    | Gained mutation: You sometimes gain power by taking damage. [demonic ancestry]
 29007 | Elf:1    | Reached XP level 17. HP: 20/135 MP: 26/26
 29009 | Elf:1    | HP: 9/202 [burnt (6)]
 29183 | Elf:1    | HP: 6/135 [glaive of flaming (11)]
 30552 | Elf:2    | Found a runed gate.
 30552 | Elf:2    | Found a runed gate.
 30552 | Elf:2    | Found a runed gate.
 30849 | Elf:3    | Entered Level 3 of the Elven Halls
 31101 | Elf:3    | Noticed a deep elf master archer
 31101 | Elf:3    | Noticed a deep elf blademaster
 31110 | Elf:3    | Killed a deep elf blademaster
 31115 | Elf:3    | Killed a deep elf master archer
 31747 | Elf:3    | Got a smoking helmet
 31758 | Elf:3    | Identified the +2 helmet "Ynitulon" {Int+7 Dex+2} (You found it on level 3 of the Elven Halls)
 31794 | Elf:3    | Learned a level 1 spell: Animate Skeleton
 31798 | Elf:3    | Learned a level 3 spell: Regeneration
 31802 | Elf:3    | Learned a level 3 spell: Recall
 31898 | Elf:3    | Noticed a Tzitzimitl
 32154 | Elf:3    | Cast into level 2 of the Abyss (a deep elf demonologist)
 32723 | Abyss:2  | Noticed a bone dragon
 32753 | Abyss:2  | Killed a bone dragon
 33175 | Abyss:2  | Mutation became permanent: You have sharp toenails. [demonic ancestry]
 33175 | Abyss:2  | Gained mutation: You have razor-sharp toenails. [demonic ancestry]
 33175 | Abyss:2  | Reached XP level 18. HP: 105/146 MP: 27/27
 33276 | Abyss:2  | Reached skill level 16 in Long Blades
 33304 | Abyss:2  | Noticed a bone dragon
 33307 | Abyss:2  | HP: 1/146 [balrug/divine providence (15)]
 33332 | Abyss:2  | Slain by a reaper

Vault maps used:
D:1:      nagdon_arrival_zigzag_paths, nicolae_ashenzari_panopticon
D:2:      nicolae_overflow_quartered_altars, minmay_pentomino_r2, uniq_robin
D:3:      first_bread, grunt_decor_mini_mirrors
D:4:      nicolae_overflow_crystal_walls, temple_fountains, uniq_duvessa,
          uniq_menkaure, uniq_ijyb, uniq_crazy_yiuf_cottage
D:5:      gammafunk_temple_overflow_elements, gup_sewer_entry_pipe,
          st_stairs_12, uniq_pikel, uniq_blork_the_orc
D:6:      lemuel_crystal_altar, serial_shops, nicolae_shop_overgrown_old_shop
D:7:      cheibrodos_worm_habitat, marbit_many_paths, elyvilon_altar_5
D:8:      serial_shops, nicolae_shop_stone
D:9:      minmay_ornate_pinched, serial_shops, shop, basic_altar,
          grunt_ogre_cave, uniq_joseph, uniq_erica
D:10:     dpeg_oklobed_lair, nicolae_ru_path_of_blood
D:11:     erik_orc_3, serial_glass, glass_columns_b, glass_columns_a,
          item_on_display_b, billiards_dpeg
D:12:     uniq_gastronok
D:13:     david_vaults_4, basic_altar
D:14:     lemuel_crystal_altar
D:15:     hangedman_depths_entry_try_elsewhere_first, basic_altar, uniq_sonja
Lair:1:   minmay_guarded_unrand_snakebite, minivault_26, dpeg_stationary_puzzle,
          serial_bayou_shore_b, uniq_harold
Lair:2:   grunt_megastairs_4
Lair:3:   minmay_snake_entry_guardpost_small, minivault_27, grunt_megastairs_2
Lair:4:   swamp_mist_pool, lab_entry_generic, serial_bayou_shore_b,
          grunt_megastairs_1, lemuel_fruit_fields
Lair:5:   serial_bayou_shore_a, grunt_megastairs_5
Lair:6:   gammafunk_lair_ancient_temple, slime_altar_2
Orc:1:    abandoned_shop, nicolae_orc_stony_grotto, uniq_snorg
Orc:2:    st_orc_open, mines2_david
Elf:1:    eino_elf_arrival_shootout, minmay_elf_crystal_heptagon, uniq_asterion
Elf:2:    basic_stair_grate_trap
Elf:3:    grunt_elf_hall_branching
Lab:      nicolae_lab_arrow
Sewer:    sewer_big_baddie

Skill      XL: |  1  2  3  4  5  6  7  8  9 10 11 12 13 14 15 16 17 18 |
---------------+-------------------------------------------------------+-----
Long Blades    | 2 3 4 5 6 8 9 11 12 13 14 15 16 | 16.0
Armour         | 2 3 4 5 6 8 9 11 12 13 14 | 14.0
Dodging        | 1 2 3 4 5 6 7 8 9 |  9.7
Stealth        | 1 2 5 6 |  6.9
Invocations    | 3 4 5 6 7 8 |  8.7
Fighting       | 4 5 6 7 8 9 10 11 12 14 | 14.2
Spellcasting   | 1 2 3 5 6 8 |  8.3
Evocations     | 1 2 |  2.4
Charms         | 3 4 |  4.7

Action                   |  1- 3 |  4- 6 |  7- 9 | 10-12 | 13-15 | 16-18 || total
-------------------------+-------+-------+-------+-------+-------+-------++-------
Melee: Falchion          |    95 |    19 |   175 |   580 |  1102 |   140 ||  2111
       Kick              |     8 |    37 |   102 |   222 |   518 |   255 ||  1142
       Long sword        |       |   131 |   168 |       |       |       ||   299
       Scimitar          |       |       |       |     4 |    42 |       ||    46
       Demon blade       |       |       |       |       |       |   520 ||   520
 Cast: Song of Slaying   |       |       |       |       |     8 |       ||     8
       Spectral Weapon   |       |       |       |       |     1 |       ||     1
       Animate Skeleton  |       |       |       |       |       |     2 ||     2
Invok: Depart the Abyss  |     1 |       |       |     1 |     1 |       ||     3
       Enter the Abyss   |       |       |       |     1 |     1 |       ||     2
       Banish            |       |       |       |     2 |     1 |       ||     3
Evoke: Wand              |       |       |     6 |     3 |     1 |       ||    10
  Use: Potion            |       |     2 |     1 |     4 |    10 |     7 ||    24
       Scroll            |       |       |     9 |    12 |    16 |     7 ||    44
 Stab: Sleeping          |       |     1 |     3 |     4 |     7 |     2 ||    17
       Distracted        |       |       |     2 |     5 |     9 |     4 ||    20
       Paralysed         |       |       |     2 |       |       |       ||     2
       Invisible         |       |       |       |       |     3 |       ||     3
  Eat: Chunk             |     4 |     6 |    16 |    25 |    49 |    15 ||   115
       Bread ration      |       |       |     1 |       |     2 |     1 ||     4
       Royal jelly       |       |       |       |       |     1 |       ||     1
Armor: Leather armour    |    31 |    16 |       |       |       |       ||    47
       Ring mail         |       |    56 |    90 |     8 |       |       ||   154
       Scale mail        |       |       |       |   107 |   259 |   111 ||   477
       Skin              |       |       |       |       |    11 |       ||    11
Dodge: Dodged            |    45 |   107 |   319 |   476 |   890 |   439 ||  2276
       Deflected         |       |       |       |       |    12 |    44 ||    56
Block: Other             |       |       |       |       |    48 |    19 ||    67
       Reflection        |       |       |       |       |     2 |     1 ||     3
       Rpst.: Falchion   |    13 |     7 |    36 |   120 |   191 |    26 ||   393
       Long sword        |       |    39 |    54 |       |       |       ||    93
       Scimitar          |       |       |       |     1 |     7 |       ||     8
       Demon blade       |       |       |       |       |       |    84 ||    84
